 Dungeon Crawl Stone Soup version 0.17-a0-18-gc25b939 (webtiles) character file.

139 Chiseanne the Magician (level 5, -1/31 HPs)
             Began as an Octopode Wizard on Mar 12, 2015.
             Was an Initiate of Gozag.
             Slain by a worker ant (5 damage)
             ... on level 4 of the Dungeon.
             The game lasted 00:10:39 (4744 turns).

Chiseanne the Magician (Octopode Wizard)            Turns: 4744, Time: 00:10:40

Health: -1/31      AC:  3    Str:  7    XL:     5   Next: 22%
Magic:  4/14       EV: 12    Int: 20    God:    Gozag
Gold:   389        SH:  0    Dex: 11    Spells: 5 memorised, 2 levels left

rFire  . . .     SeeInvis .     i - +0 short sword
rCold  . . .     Clarity  .     (no shield)
rNeg   . . .     SustAb   .     d - +2 hat
rPois  .         Gourm    .     (no amulet)
rElec  .         Spirit   .     n - ring of stealth
rCorr  .         Warding  .     (no ring)
rMut   .         Stasis   .     (no ring)
MR     .....                    (no ring)
Stlth  ++++......               (no ring)
                                (no ring)
                                (no ring)
                                (no ring)

@: lethally poisoned (-1 -> -5), repel missiles, not resistant to hostile
enchantments, stealthy
A: almost no armour, amphibious, 8 rings, constrict 8, camouflage 1, gelatinous
body 1
a: Potion Petition, Call Merchant, Bribe Branch, Renounce Religion


You were on level 4 of the Dungeon.
You worshipped Gozag.
Gozag was noncommittal.
You were not hungry.

You visited 1 branch of the dungeon, and saw 4 of its levels.

You collected 472 gold pieces.
You paid 83 gold pieces to Gozag.

Inventory:

Hand weapons
 i - a +0 short sword (weapon)
Missiles
 b - 9 bolts of penetration
 e - 48 arrows
Armour
 d - a +2 hat (worn)
Jewellery
 n - a ring of stealth (left tentacle)
Magical devices
 a - a wand of lightning (1)
Scrolls
 f - a scroll of identify
 g - 2 scrolls of remove curse
 k - a scroll of blinking
 l - a scroll of magic mapping
 m - a scroll of fear {unknown}
Potions
 h - a potion of magic
 j - 3 potions of heal wounds
Books
 c - a book of Minor Magic

   Spells                             Type                      Level
   a - Magic Dart                     Conjuration                  1
   b - Blink                          Translocation                2
   c - Call Imp                       Summoning                    2
   d - Repel Missiles                 Charms/Air                   2
   e - Slow                           Hexes                        2
   f - Conjure Flame                  Conjuration/Fire             3
   g - Mephitic Cloud                 Conjuration/Poison/Air       3


   Skills:
 - Level 2.0 Dodging
 - Level 2.6 Stealth
 * Level 4.7 Spellcasting
 * Level 2.7 Conjurations
   Level 1.0 Summonings
 - Level 1.0 Translocations


You had 2 spell levels left.
You knew the following spells:

 Your Spells              Type           Power        Failure   Level  Hunger
a - Magic Dart            Conj           ###.         4%          1    None
b - Blink                 Tloc           N/A          14%         2    #......
c - Repel Missiles        Chrm/Air       #.....       21%         2    #......
d - Conjure Flame         Conj/Fire      ##......     21%         3    ##.....
e - Mephitic Cloud        Conj/Pois/Air  #.......     24%         3    ##.....


Dungeon Overview and Level Annotations

Branches:
Dungeon (4/15)
 Temple: D:4-7

Altars:
Ashenzari
Cheibriados
Dithmenos
Elyvilon
Gozag
Okawaru
Qazlal
Xom
Yredelemnul

Annotations:
D:3 bart's ghost, weakling KoFE
D:4 UristPineapples' ghost, experienced VSAs


Innate Abilities, Weirdness & Mutations

You cannot wear most types of armour.
You are amphibious.
You can wear up to eight rings at the same time.
You can use your tentacles to constrict many enemies at once.
Your skin changes colour to match your surroundings (Stealth).
Your rubbery body absorbs attacks (AC +1).


Message History

* * * LOW HITPOINT WARNING * * *
Casting: Magic Dart
Confirm with . or Enter, or press ? or * to list all spells.
Aiming: Magic Dart
Press: ? - help, Shift-Dir - straight line, f/p - worker ant
Aim: a worker ant (almost dead)
The magic dart hits the worker ant.
The worker ant is almost dead.
The worker ant bites you.
* * * LOW HITPOINT WARNING * * *
Casting: Magic Dart
Confirm with . or Enter, or press ? or * to list all spells.
Aiming: Magic Dart
Press: ? - help, Shift-Dir - straight line, f/p - worker ant
Aim: a worker ant (almost dead)
The magic dart hits the worker ant.
The worker ant is almost dead.
The worker ant bites you.
You die...
Your body crumbles into a pile of gold.

### ### ##.# #.# #..# #.#
##..# #.# #..## ####.# #..#
####....# ...#
####.......## .
..#####...........# ... ..#
#>..........@a## #....
..###..............###...?#
.###....................#
.# #..................###
.# #.................## ##
#.................#
####..................###
..###...................##
#.....................#..##


You could see a worker ant.

Vanquished Creatures
  7 adders
  2 worms
  2 orcs (D:3)
  3 giant cockroaches
  3 goblins
  8 hobgoblins
  7 jackals (D:1)
  6 kobolds
  A quokka (D:2)
  2 ball pythons
  9 bats
  3 giant geckos
  5 giant newts
  5 rats
63 creatures vanquished.

Notes
Turn   | Place    | Note
--------------------------------------------------------------
     0 | D:1      | Chiseanne, the Octopode Wizard, began the quest for the Orb.
     0 | D:1      | Reached XP level 1. HP: 11/11 MP: 4/4
   345 | D:1      | Reached XP level 2. HP: 10/17 MP: 1/6
   485 | D:1      | Learned a level 2 spell: Blink
   488 | D:1      | Learned a level 2 spell: Repel Missiles
  1064 | D:1      | Reached XP level 3. HP: 21/21 MP: 6/8
  1086 | D:1      | Learned a level 3 spell: Conjure Flame
  1924 | D:2      | Found an iron altar of Okawaru.
  1924 | D:2      | Found a shattered altar of Ashenzari.
  1925 | D:2      | Found a shadowy altar of Dithmenos.
  1925 | D:2      | Found an opulent altar of Gozag.
  1925 | D:2      | Found a white marble altar of Elyvilon.
  1925 | D:2      | Found a basalt altar of Yredelemnul.
  1928 | D:2      | Reached skill level 4 in Spellcasting
  1950 | D:2      | Found a stormy altar of Qazlal.
  1950 | D:2      | Found a shimmering altar of Xom.
  1962 | D:2      | Reached XP level 4. HP: 27/27 MP: 3/11
  2284 | D:2      | Became a worshipper of Gozag Ym Sagoz the Greedy
  2483 | D:2      | Learned a level 3 spell: Mephitic Cloud
  2712 | D:2      | You fall through a shaft!
  2724 | D:3      | Noticed bart's ghost (weakling KoFE)
  3397 | D:3      | Reached XP level 5. HP: 31/31 MP: 0/13
  3828 | D:3      | Found a snail-covered altar of Cheibriados.
  4042 | D:4      | Noticed UristPineapples' ghost (experienced VSAs)
  4744 | D:4      | Slain by a worker ant

Action                   |  1- 3 |  4- 6 || total
-------------------------+-------+-------++-------
Melee: Unarmed           |     6 |       ||     6
       Spear             |    16 |    14 ||    30
       Short sword       |       |     9 ||     9
 Cast: Magic Dart        |    76 |   105 ||   181
       Repel Missiles    |     1 |       ||     1
       Mephitic Cloud    |       |     2 ||     2
  Use: Scroll            |     3 |     9 ||    12
 Stab: Sleeping          |       |     4 ||     4
  Eat: Chunk             |     3 |       ||     3
       Bread ration      |       |     2 ||     2
       Fruit             |       |     1 ||     1
